 Dungeon Crawl Stone Soup version 0.26-a0-259-g1effd001a9 (webtiles) character file.

Game seed: 6469230515689310384

67 raph the Conjurer (level 3, 0/19 HPs)
             Began as a Deep Elf Conjurer on July 19, 2020.
             Succumbed to Crazy Yiuf's poison
             ... on level 2 of the Dungeon.
             The game lasted 00:04:10 (1990 turns).

raph the Conjurer (Deep Elf Conjurer)               Turns: 1990, Time: 00:04:10

Health: 0/19       AC:  3    Str:  5    XL:     3   Next: 98%
Magic:  7/10       EV: 13    Int: 22    God:
Gold:   137        SH:  0    Dex: 13    Spells: 3/9 levels left

rFire    . . .     SeeInvis .   a - +0 dagger
rCold    . . .     Faith    .   (no shield)
rNeg     . . .     Spirit   .   b - +0 robe
rPois    .         Reflect  .   o - +0 helmet
rElec    .         Harm     .   (no cloak)
rCorr    .                      (no gloves)
MR       .....                  (no boots)
Stlth    +.........             (no amulet)
HPRegen  0.06/turn              (no ring)
MPRegen  0.12/turn              (no ring)

@: lethally poisoned (0 -> -5), very slow
A: no striking features
a: no special abilities


You were on level 2 of the Dungeon.
You were not hungry.

You visited 1 branch of the dungeon, and saw 2 of its levels.

You collected 137 gold pieces.

Inventory:

Hand Weapons
 a - a +0 dagger (weapon)
Missiles
 d - 15 poisoned darts (quivered)
 j - 8 atropa-tipped darts
Armour
 b - a +0 robe (worn)
 o - a +0 helmet (worn)
 p - a +0 cloak
Wands
 k - a wand of random effects (12)
Scrolls
 f - a scroll of magic mapping
 g - 2 scrolls of teleportation
 i - a scroll of fear
 n - a scroll of enchant armour {unknown}
Potions
 m - a potion of cancellation
Comestibles
 c - 5 rations


   Skills:
 + Level 3.1 Dodging
 + Level 3.2 Stealth
 + Level 3.8 Spellcasting
 * Level 5.1 Conjurations


You had 3 spell levels left.
You knew the following spells:

 Your Spells              Type           Power        Failure   Level
a - Magic Dart            Conj           ####         1%          1
b - Searing Ray           Conj           ####..       1%          2
c - Dazzling Flash        Conj/Hex       ###...       12%         3

Your spell library contained the following spells:

 Spells                   Type           Power        Failure   Level
 Fulminant Prism          Conj/Hex       ###.......   36%         4
 Iskenderun's Mystic Bla  Conj/Tloc      ###.....     36%         4


Dungeon Overview and Level Annotations

Branches:
Dungeon (2/15)

Altars:
Zin

Shops:
D:2 *


Message History

You feel strangely unstable.
It was a scroll of teleportation.
As you read the scroll labeled TEPNEI YSOIL, it crumbles to dust.
You feel blessed for a moment.
It was a scroll of remove curse.
* * * LOW HITPOINT WARNING * * *
You feel sick.
As you read the scroll labeled WOSHEA LUNN, it crumbles to dust.
You assume a fearsome visage.
Nothing appears to happen.
It was a scroll of fear.
As you read the scroll labeled TIPAVU URINO, it crumbles to dust.
It is a scroll of amnesia.
Really abort (and waste the scroll)?
Okay, then.
Your surroundings suddenly seem different.
You enter the shallow water.
Moving in this stuff is going to be slow.
* * * LOW HITPOINT WARNING * * *
You feel sick.
You enter the shallow water.
Moving in this stuff is going to be slow.
You die...

.# #.### .# ########### #.# .#
#.........####### #.#
.##########.........).....# #.#
............#............# #<#
##########.##..≈≈........# #.#
#####......##.≈..≈.....(.## #.#
..........##≈≈≈..≈..≈≈...≈###.#
#####.#####≈≈≈..@..≈..≈..≈≈#..##
#.# #≈≈...≈.⌠≈..≈..≈≈#...#
##.#####≈≈..≈..≈⌠.≈...≈≈#.#.#
####......#≈≈..≈†.≈..≈..≈≈≈#.#.#
..........##≈...≈≈..≈..≈≈≈##.#.#
####..###..##.......≈..≈.###.#.#
# #..# #..##........≈≈..# #.#.#
####..# #...#......).....###.#.#
......# ###...............##.#.#


There were no monsters in sight!

Vanquished Creatures
  Crazy Yiuf (D:2)
  2 worms (D:2)
  A dart slug (D:1)
  A leopard gecko (D:2)
  A giant cockroach (D:2)
  3 goblins
  5 hobgoblins
  A ball python (D:2)
  6 bats
  5 kobolds
  5 rats
31 creatures vanquished.

Notes
Turn   | Place    | Note
-------+----------+-------------------------------------------
     0 | D:1      | raph the Deep Elf Conjurer began the quest for the Orb.
     0 | D:1      | Reached XP level 1. HP: 10/10 MP: 6/6
   449 | D:1      | Reached XP level 2. HP: 15/15 MP: 2/8
   472 | D:1      | Learned a level 2 spell: Searing Ray
  1247 | D:2      | Found Zin's Purification Station.
  1250 | D:2      | Found a glowing silver altar of Zin.
  1341 | D:2      | Reached XP level 3. HP: 19/19 MP: 5/9
  1965 | D:2      | Found a runed translucent door.
  1966 | D:2      | Noticed Crazy Yiuf
  1974 | D:2      | Learned a level 3 spell: Dazzling Flash
  1979 | D:2      | Killed Crazy Yiuf
  1979 | D:2      | Reached skill level 5 in Conjurations
  1990 | D:2      | Succumbed to Crazy Yiuf's poison

Illustrated notes

Levels and vault maps discovered:
D:1:      denvon_arrival_planthouse, layout_loops_ring
D:2:      cheibrodos_helix_gallery, layout_loops_ring, zin_purify,
          nicolae_qazlal_eye_of_the_storm, uniq_crazy_yiuf_cottage

Skill      XL: |  1  2  3 |
---------------+----------+-----
Stealth        | 3 |  3.2
Dodging        | 3 |  3.1
Conjurations   | 5 |  5.1
Spellcasting   | |  3.8

Action                   || total
-------------------------++-------
Melee: Dagger            ||     1
 Cast: Magic Dart        ||    20
       Searing Ray       ||    18
  Use: Scroll            ||     5
       Potion            ||     1
 Stab: Sleeping          ||     1
  Eat: Ration            ||     1
Dodge: Dodged            ||     6

Table legend:
 A = Non-vault XP
 B = Vault XP
 C = Vault XP percentage of total XP
 D = Non-vault monster count
 E = Vault monster count
 F = Vault count percentage of total count
                 A         B        C        D         E       F
            +---------+---------+-------+---------+---------+-------
      Total |      51 |      45 |  46.9 |      28 |       3 |   9.7
            +---------+---------+-------+---------+---------+-------
        D:1 |      28 |       0 |   0.0 |      18 |       0 |   0.0
        D:2 |      23 |      45 |  66.2 |      10 |       3 |  23.1
            +---------+---------+-------+---------+---------+-------
